 Dungeon Crawl Stone Soup version 0.23.2-33-g5129a83184 (webtiles) character file.

Game seed: 4440932342653399338

7088 Gildeon the Basher (level 10, -6/81 HPs)
             Began as a Demigod Skald on July 5, 2019.
             Impaled on a porcupine's spines (10 damage)
             ... on level 1 of the Lair of Beasts.
             The game lasted 01:09:57 (12167 turns).

Gildeon the Basher (Demigod Skald)                 Turns: 12167, Time: 01:09:58

Health: -6/81      AC:  9    Str: 22    XL:     10   Next: 54%
Magic:  10/21      EV: 21    Int: 23    God:
Gold:   541        SH:  0    Dex: 22    Spells: 8/19 levels left

rFire    . . .     SeeInvis .   g - +0 flail
rCold    . . .     Gourm    .   (no shield)
rNeg     . . .     Faith    .   B - +0 leather armour of the Bard {Int+6}
rPois    .         Spirit   .   (no helmet)
rElec    .         Reflect  .   a - +0 cloak
rCorr    .         Harm     .   k - +0 pair of gloves
MR       +....                  C - +0 pair of boots
Stlth    +++.......             (no amulet)
HPRegen  0.23/turn              p - +4 ring of strength
MPRegen  0.17/turn              r - +2 ring of protection

@: agile, lethally poisoned (-6 -> -8), shrouded, infused
A: high mp 1
a: no special abilities


You were on level 1 of the Lair of Beasts.
You were not hungry.

You visited 3 branches of the dungeon, and saw 12 of its levels.

You collected 541 gold pieces.

Inventory:

Hand Weapons
 b - a +2 whip of flaming
 g - a +0 flail (weapon)
Armour
 a - a +0 cloak (worn)
 f - a +2 robe of positive energy
 k - a +0 pair of gloves (worn)
 B - the +0 leather armour of the Bard (worn) {Int+6}
   (You found it on level 4 of the Dungeon)

   It affects your intelligence (+6).
 C - a +0 pair of boots (worn)
 H - a cursed +0 leather armour
Jewellery
 p - a +4 ring of strength (left hand)
 r - a +2 ring of protection (right hand)
 E - an uncursed ring of flight
Wands
 h - a wand of clouds (5)
Scrolls
 c - 3 scrolls of teleportation
 e - a scroll of amnesia {unknown}
 j - 3 scrolls of remove curse
 l - a scroll of magic mapping {unknown}
 m - a scroll of summoning {unknown}
 n - a scroll of enchant weapon {unknown}
 o - a scroll of enchant armour {unknown}
 v - a scroll of noise {unknown}
 y - a scroll of blinking {unknown}
 A - a scroll of fear {unknown}
 D - 2 scrolls of fog
Potions
 i - a potion of berserk rage {unknown}
 q - a potion of lignification {unknown}
 t - 3 potions of mutation
 u - 2 potions of brilliance
 w - 3 potions of flight
 z - a potion of cancellation {unknown}
 F - a potion of haste {unknown}
 G - a potion of resistance {unknown}
Comestibles
 d - 21 rations
 x - 2 chunks of flesh


   Skills:
 - Level 5.0 Fighting
 + Level 8.7 Maces & Flails
 - Level 5.0 Armour
 + Level 5.0 Dodging
 - Level 5.1 Spellcasting
 + Level 6.8 Charms
 - Level 5.0 Evocations


You had 8 spell levels left.
You knew the following spells:

 Your Spells              Type           Power        Failure   Level  Hunger
a - Infusion              Chrm           ####         1%          1    None
b - Song of Slaying       Chrm           #####...     1%          2    None
c - Shroud of Golubria    Chrm/Tloc      ###.......   4%          2    None
d - Regeneration          Chrm/Necr      ###.......   8%          3    ##.....
e - Spectral Weapon       Hex/Chrm       ###.....     8%          3    ##.....

Your spell library contained the following spells:

 Spells                   Type           Power        Failure   Level  Hunger
 Summon Small Mammal      Summ           #...         11%         1    None
 Call Imp                 Summ           #.......     16%         2    None
 Call Canine Familiar     Summ           #.......     32%         3    ##.....
 Summon Guardian Golem    Hex/Summ       #.......     32%         3    ##.....
 Summon Ice Beast         Ice/Summ       #.......     71%         4    ####...
 Summon Lightning Spire   Summ/Air       #.......     71%         4    ####...


Dungeon Overview and Level Annotations

Branches:
Dungeon (9/15)             Temple (1/1) D:4            Lair (2/6) D:9
  Swamp: Lair:2-4    Shoals: Lair:2-4     Snake: Lair:2-4    Spider: Lair:2-4
    Orc: D:9-12

Annotations:
D:7 1 runed translucent door ! 2Head Ogre, teukkam's ghost, novice MiFi
D:8 exclusions: oklob plant and ugly thing


Innate Abilities, Weirdness & Mutations

You have an increased reservoir of magic. (+10% MP)


Message History

You feel sick. The porcupine closely misses you.
You see here a water moccasin corpse.
You hit the porcupine.
The porcupine is moderately wounded.
You feel sick. The porcupine barely misses you.
You are struck by the porcupine's spines.
* * * LOW HITPOINT WARNING * * *
You barely miss the porcupine.
The porcupine is moderately wounded.
The porcupine misses you.
The porcupine bites you but does no damage.
You closely miss the porcupine.
The porcupine is moderately wounded.
You feel sick.
Your shroud bends the porcupine's attack away.
Unknown command.
You feel agile all of a sudden.
You feel sick. The porcupine closely misses you.
You are struck by the porcupine's spines.
You die...

...#........#....##.....###...###
...#........#...########.##....#.
...#........#...# ####...###
...#####P.#.#...###########...#.#
.....................(..(..^.....
.................................
.........................†.....
.#.##P.###.....................
## #### ##...@r............#P.
#...#..#######....#..
#...####P#####P...#..
##...##.......##...#..
#....##.......##......
...##.(.#........##...#..
...#..(#........##...#.. ..
#.##...(........##.. #..
...#######.##...##..###.###. ..#


You could see a porcupine.

Vanquished Creatures
  Urug (Lair:1)
  Pikel (D:4)
  A spiny frog (Lair:1)
  A hippogriff (D:7)
  Grinder (D:4)
  A spriggan (D:8)
  3 yaks (D:9)
  A basilisk (Lair:1)
  A hungry ghost (D:8)
  6 water moccasins
  2 porcupines (Lair:1)
  3 sky beasts
  An orc warrior (D:8)
  2 ice beasts
  5 black bears
  A necrophage (D:8)
  2 slaves (D:4)
  A centaur (D:5)
  2 ogres
  A big kobold (D:7)
  Blork the orc (D:4)
  8 bullfrogs
  8 scorpions
  4 wights
  5 howler monkeys
  An electric eel (D:7)
  A bullfrog zombie (D:9)
  A crimson imp (D:6)
  A centaur zombie (D:8)
  2 hounds
  A jelly (D:6)
  3 orc priests
  4 orc wizards
  A bullfrog skeleton (D:9)
  2 centaur skeletons (D:4)
  Natasha (twice) (D:2)
  2 iguanas
  5 worker ants
  A hound zombie (D:5)
  A hound skeleton (D:9)
  A worker ant zombie (D:5)
  4 gnolls
  A howler monkey skeleton (D:2)
  8 adders
  A shadow imp (D:5)
  2 oozes
  5 adder skeletons
  2 adder zombies (D:5)
  4 worms
  8 leopard geckos
  8 orcs
  3 ball pythons
  A bat skeleton (D:2)
  6 giant cockroaches
  13 goblins
  9 hobgoblins
  11 jackals
  9 kobolds
  2 quokkas
  12 bats
  3 frilled lizards
  2 giant cockroach zombies
  A jackal skeleton (D:5)
  6 rats
213 creatures vanquished.

Vanquished Creatures (others)
  An orc (D:5)
  17 fungi (D:5)
  5 plants
  2 withered plants (D:7)
25 creatures vanquished.

Grand Total: 238 creatures vanquished

Notes
Turn   | Place    | Note
-------+----------+-------------------------------------------
     0 | D:1      | Gildeon the Demigod Skald began the quest for the Orb.
     0 | D:1      | Reached XP level 1. HP: 17/17 MP: 5/5
    47 | D:1      | Reached skill level 1 in Armour
   137 | D:1      | Reached skill level 2 in Maces & Flails
   137 | D:1      | Reached XP level 2. HP: 21/24 MP: 0/7
   141 | D:1      | Learned a level 2 spell: Song of Slaying
   565 | D:1      | Learned a level 2 spell: Shroud of Golubria
   765 | D:2      | Reached XP level 3. HP: 19/29 MP: 0/8
  1443 | D:2      | Noticed Natasha
  1449 | D:2      | Killed Natasha
  1449 | D:2      | Reached XP level 4. HP: 23/36 MP: 5/10
  2358 | D:2      | Noticed Natasha
  2373 | D:2      | Killed Natasha
  2373 | D:2      | Reached XP level 5. HP: 25/42 MP: 6/11
  2498 | D:2      | Learned a level 3 spell: Regeneration
  2728 | D:4      | Noticed Blork the orc
  2736 | D:4      | Noticed Grinder
  2760 | D:4      | Killed Grinder
  2760 | D:4      | Reached skill level 3 in Maces & Flails
  2760 | D:4      | Reached XP level 6. HP: 51/51 MP: 11/13
  3081 | D:4      | Learned a level 3 spell: Spectral Weapon
  3114 | D:4      | Killed Blork the orc
  3528 | D:4      | Got a transparent ring mail
  3557 | D:4      | Found a staircase to the Ecumenical Temple.
  3563 | Temple   | Entered the Ecumenical Temple
  4333 | D:4      | Reached XP level 7. HP: 34/57 MP: 9/15
  4342 | D:4      | Got a shimmering leather armour
  4395 | D:4      | Identified the cursed +0 leather armour of the Bard {Int+6}
                  | (You found it on level 4 of the Dungeon)
  4425 | D:5      | Entered Level 5 of the Dungeon
  5031 | D:5      | Reached skill level 4 in Maces & Flails
  6133 | D:5      | Reached skill level 5 in Charms
  6313 | D:5      | Reached XP level 8. HP: 50/63 MP: 14/17
  6770 | D:4      | Noticed Pikel
  6795 | D:4      | Killed Pikel
  6795 | D:4      | Reached skill level 5 in Maces & Flails
  6795 | D:4      | Reached skill level 5 in Spellcasting
  7316 | D:6      | Reached skill level 6 in Maces & Flails
  7712 | D:7      | Reached skill level 5 in Dodging
  7720 | D:7      | Reached XP level 9. HP: 58/71 MP: 16/20
  8400 | D:7      | Found a bloodstained altar of Trog.
  8430 | D:7      | Found a runed translucent door.
  8431 | D:7      | Noticed teukkam's ghost (novice MiFi)
  8977 | D:8      | Reached skill level 5 in Fighting
  9087 | D:8      | Reached skill level 7 in Maces & Flails
  9410 | D:8      | Reached skill level 1 in Evocations
  9603 | D:8      | Found an iron altar of Okawaru.
  9603 | D:8      | Noticed an oklob plant
  9662 | D:8      | Noticed a two-headed ogre
  9673 | D:8      | Reached skill level 5 in Armour
  9852 | D:8      | Noticed a white ugly thing
 10438 | D:9      | Found a staircase to the Lair.
 10544 | Lair:1   | Entered Level 1 of the Lair of Beasts
 10619 | Lair:1   | Reached XP level 10. HP: 73/81 MP: 14/21
 10938 | D:9      | Reached skill level 8 in Maces & Flails
 11040 | Lair:1   | Noticed Urug
 11041 | Lair:1   | Noticed a seven-headed hydra
 11078 | Lair:1   | Killed Urug
 12073 | Lair:1   | You fall through a shaft!
 12115 | Lair:1   | Reached skill level 5 in Evocations
 12166 | Lair:1   | HP: 4/81 [poisoned by a water moccasin]
 12167 | Lair:1   | Impaled on a porcupine's spines

Skill      XL: |  1  2  3  4  5  6  7  8  9 10 |
---------------+-------------------------------+-----
Armour         | 1 2 3 5 |  5.0
Fighting       | 2 3 4 5 |  5.0
Maces & Flails | 2 3 4 6 7 8 |  8.7
Dodging        | 2 3 5 |  5.0
Spellcasting   | 2 3 4 5 |  5.1
Charms         | 3 4 5 6 |  6.8
Evocations     | 3 5 |  5.0

Action                   |  1- 3 |  4- 6 |  7- 9 | 10-12 || total
-------------------------+-------+-------+-------+-------++-------
Melee: Mace              |   112 |   126 |       |       ||   238
       Flail             |       |    79 |   526 |   109 ||   714
 Cast: Infusion          |    18 |    15 |    43 |    11 ||    87
       Regeneration      |       |       |     1 |       ||     1
       Shroud of Golubri |       |       |    20 |    14 ||    34
Evoke: Wand              |       |     6 |     1 |     5 ||    12
  Use: Scroll            |       |     1 |     9 |     2 ||    12
       Potion            |       |     2 |     6 |     3 ||    11
 Stab: Sleeping          |       |     2 |     1 |       ||     3
  Eat: Chunk             |     2 |    10 |    13 |     2 ||    27
       Ration            |       |       |     3 |     1 ||     4
Armor: Leather armour    |    58 |    57 |   230 |    29 ||   374
Dodge: Dodged            |    94 |   154 |   398 |   100 ||   746
